 Seeded DCSS version 0.32-a0-433-g08bcfe7efd (webtiles) character file.

Game seed: 9488276093134209384 (custom seed)

146078 CougarLife the Slayer (level 16, -1/169 HPs)
             Began as a Minotaur Fighter on Feb 23, 2024.
             Was the Champion of Cheibriados.
             Shot with a bolt by Vashnia (14 damage)
             ... on level 3 of the Snake Pit.
             The game lasted 00:27:09 (25472 turns).

CougarLife the Slayer (Minotaur Fighter)           Turns: 25472, Time: 00:27:10

Health: -1/169     AC: 38    Str: 37    XL:     16   Next: 88%
Magic:  15/15      EV:  8    Int: 22    God:    Cheibriados [******]
Gold:   1796       SH: 22    Dex: 26    Spells: 15/15 levels left

rFire   + + .        s - +6 shillelagh "Devastator" {shatter}
rCold   . . .        y - +5 Storm Queen's Shield {shock, Fly rElec}
rNeg    . . .        N - +8 plate armour of the Hippo {rPois rF+ Str-2}
rPois   +            i - +0 hat of the Armoured One {rF+ Str-2 Slay+4}
rElec   +            b - +0 cloak
rCorr   .            V - +2 pair of gloves
SInv    .            O - +1 pair of boots
Will    ++...        l - amulet of the acrobat Stlth
                     v - ring of willpower
HPRegen 0.48/turn    F - +4 ring of protection
MPRegen 0.14/turn

%: acrobat
@: mighty, flying, studying Shields, very slow
A: horns 2, retaliatory headbutt
a: Renounce Religion, Bend Time, Temporal Distortion, Slouch, Step From Time


You were on level 3 of the Snake Pit.
You worshipped Cheibriados.
Cheibriados was exalted by your worship.
You visited 5 branches of the dungeon, and saw 26 of its levels.
You also visited: Sewer.

You collected 3263 gold pieces.
You spent 1467 gold pieces at shops.

Inventory:

Hand Weapons
 s - the +6 shillelagh "Devastator" (weapon) {shatter}
   (You found it on level 4 of the Dungeon)
Missiles
 R - a throwing net (quivered)
Armour
 b - a +0 cloak (worn)
 i - the +0 hat of the Armoured One (worn) {rF+ Str-2 Slay+4}
   (You acquired it on level 2 of the Orcish Mines)

   Str-2:     It affects your strength (-2).
   Slay+4:    It affects your accuracy & damage with ranged weapons and melee
   (+4).
   rF+:       It protects you from fire.
 y - the +5 Storm Queen's Shield (worn) {shock, Fly rElec}
   (You bought it in a shop on level 1 of the Snake Pit)

   Shock:     When it blocks an attack, it may electrocute the attacker.
   This works even against foes who are a short distance away.
   rElec:     It insulates you from electricity.
   Fly:       It grants you flight.
 N - the +8 plate armour of the Hippo (worn) {rPois rF+ Str-2}
   (You found it on level 11 of the Dungeon)

   Str-2:     It affects your strength (-2).
   rF+:       It protects you from fire.
   rPois:     It protects you from poison
 O - a +1 pair of boots (worn)
 V - a +2 pair of gloves (worn)
Jewellery
 l - an amulet of the acrobat (around neck)
 v - a ring of willpower (left hand)
 D - a ring of resist corrosion
 F - a +4 ring of protection (right hand)
Wands
 a - a wand of roots (26)
 z - a wand of flame (25)
 H - a wand of mindburst (14)
 K - a wand of light (17)
Scrolls
 c - 4 scrolls of identify
 e - 3 scrolls of torment
 f - 5 scrolls of revelation
 g - 10 scrolls of teleportation
 n - 11 scrolls of amnesia
 o - 2 scrolls of brand weapon
 q - 6 scrolls of enchant weapon
 r - 7 scrolls of noise
 t - 8 scrolls of blinking
 u - 3 scrolls of immolation
 w - a scroll of enchant armour
 x - a scroll of fog
 A - 2 scrolls of poison
 G - 5 scrolls of fear
 Q - a scroll of butterflies
 S - 2 scrolls of silence
Potions
 h - 8 potions of heal wounds {unknown}
 j - 4 potions of invisibility
 k - 2 potions of haste {unknown}
 m - 2 potions of berserk rage {unknown}
 p - 6 potions of mutation
 B - 3 potions of brilliance {unknown}
 C - 8 potions of curing {unknown}
 E - 2 potions of attraction {unknown}
 I - 2 potions of enlightenment {unknown}
 J - 8 potions of ambrosia
 L - 3 potions of degeneration {unknown}
 M - a potion of cancellation {unknown}


   Skills:
 + Level 22.1 Fighting
 - Level 13.2 Maces & Flails
 * Level 10.6 Throwing
 - Level 17.0 Armour
 - Level 18.1 Shields


You had 15 spell levels left.
You didn't know any spells.
Your spell library contained the following spells:

 Spells                   Type           Power      Damage    Failure   Level
 Sandblast                Erth           0%         2d4       58%         1
 Cigotuvi's Dreadful Rot  Necr/Alch/Air  0%         N/A       75%         2
 Static Discharge         Conj/Air       0%         3-3/arc   75%         2
 Sublimation of Blood     Necr           0%         N/A       75%         2
 Passwall                 Erth           0%         N/A       92%         3
 Stone Arrow              Conj/Erth      0%         3d7       92%         3
 Airstrike                Air            0%         2d(0-16)  100%        4
 Animate Armour           Summ/Erth      0%         N/A       100%        4
 Brom's Barrelling Bould  Conj/Erth      0%         2d3       100%        4
 Ignite Poison            Fire/Alch      0%         N/A       100%        4
 Petrify                  Alch/Erth      0%         N/A       100%        4
 Summon Lightning Spire   Summ/Air       0%         N/A       100%        4
 Freezing Cloud           Conj/Ice/Air   0%         6-21      100%        5
 Irradiate                Conj/Alch      0%         3d11      100%        5
 Lee's Rapid Deconstruct  Erth           0%         3d4*      100%        5
 Malign Gateway           Summ/Tloc      0%         N/A       100%        7
 Lehudib's Crystal Spear  Conj/Erth      0%         10d2      100%        8
 Summon Horrible Things   Summ           0%         N/A       100%        8


Dungeon Overview and Level Annotations

Branches:
Dungeon (15/15)            Temple (1/1) D:5            Lair (5/5) D:10
 Shoals (0/4) Lair:3        Snake (3/4) Lair:2        Slime (0/5) Lair:5
    Orc (2/2) D:12            Elf (0/3) Orc:2        Vaults (0/5) D:13
 Depths (0/4) D:15          Sewer (visited)

Altars:
Ashenzari
Cheibriados
Elyvilon
Fedhas
Gozag
Kikubaaqudgha
Makhleb
Nemelex Xobeh
Okawaru
Qazlal
Ru
Sif Muna
Trog
Uskayaw
Vehumet
Wu Jian
Xom
Yredelemnul
Zin
The Shining One
Jiyva

Shops:
D:2 *   D:8 *   D:12 (   Orc:2 *(=[   Snake:1 [*

Portals:
Hell: Lair:5

Annotations:
Snake:3 Vashnia


Innate Abilities, Weirdness & Mutations

You have a pair of horns on your head.
You reflexively headbutt those who attack you in melee.


Message History

Vashnia spits poison at you. The splash of poison misses you.
Vashnia gestures wildly while chanting.
Vashnia blinks!
Vashnia shoots a bolt.
The bolt misses you.
Vashnia mumbles some strange words.
Vashnia blinks!
Vashnia gestures wildly while chanting.
Vashnia spits poison at you. The splash of poison hits you. You resist.
* * * LOW HITPOINT WARNING * * *
Vashnia mutters, "Right between the eyes..."
Vashnia shoots a bolt.
You block the bolt.
Vashnia shoots a bolt.
You block the bolt.
Vashnia shoots a bolt.
You block the bolt.
Vashnia shoots a bolt.
The bolt misses you.
Vashnia casts a spell.
Vashnia magically shoots a bolt.
The bolt completely misses you.
Vashnia mumbles some strange words.
Vashnia magically shoots a bolt.
The bolt closely misses you.
Vashnia shoots a bolt.
You block the bolt.
You closely miss Vashnia.
Vashnia is moderately wounded.
Vashnia spits poison at you. You block the splash of poison.
Your shield discharges, shocking Vashnia!
You barely miss Vashnia. You headbutt Vashnia!!
Vashnia is heavily wounded.
You barely miss Vashnia. Your headbutt misses Vashnia.
Vashnia is heavily wounded.
Vashnia shoots a bolt.
The bolt hits you!
* * * LOW HITPOINT WARNING * * *
You closely miss Vashnia. You headbutt Vashnia!
Vashnia is heavily wounded.
You crush Vashnia like a grape!!!
Vashnia shudders.
You headbutt Vashnia.
Vashnia is almost dead.
Vashnia shoots a bolt.
The bolt hits you!
You die...
Vashnia says, "Intruder eliminated."
Cheibriados appreciates the motionlessness of death.

#...#####..##......##....).#
...........##.....##...#.)##
.#..##.......##)..##......#
##..####..######..........#
##......#.# ##..........##
#....##..## ##....##..#..#
...######.###.#...####..##
.....#######..#...# .##
........###..##.@## ##
#...........###.N#
..........####..##
.###...######..## .#
##.#####....#
#########....##...#
.#..............###
......#........##
.>............##


You could see Vashnia (catching breath).

Vanquished Creatures
  Rupert (Lair:4)
  Jorgrun (D:13)
  2 stone giants
  3 ettins (Orc:2)
  3 salamander tyrants
  10 hydras
  Erica (D:8)
  3 catoblepae
  5 anacondas
  5 two-headed ogres
  7 boulder beetles
  6 death yaks
  4 shock serpents
  8 naga warriors
  Urug (Lair:4)
  10 naga sharpshooters
  An occultist (Lair:5)
  Amaemon (Lair:1)
  3 skeletal warriors (D:15)
  A sun demon (Lair:5)
  A skyshark (Lair:3)
  A fire crab (shapeshifter) (D:13)
  3 salamander mystics
  10 mana vipers
  4 naga ritualists
  Lodul (D:11)
  3 arcanists
  A necromancer (D:15)
  2 deep elf pyromancers (D:8)
  A harpy (shapeshifter) (D:13)
  18 salamanders
  2 oklob plants
  A faun (shapeshifter) (D:13)
  8 ugly things
  3 manticores
  Joseph (D:8)
  9 cyclopes
  2 kobold blastminers (Orc:2)
  A meliai (D:12)
  13 naga magi
  6 elephants
  30 black mambas
  3 gargoyles
  16 cane toads
  A smoke demon (Lair:5)
  3 guardian serpents
  3 orange demons
  A rime drake (shapeshifter) (D:15)
  3 rime drakes
  An unseen horror (D:12)
  Jeremiah (D:8)
  A kobold demonologist (D:8)
  2 tengu conjurers
  24 komodo dragons
  An ice devil (Lair:5)
  An unseen horror zombie (D:9)
  An efreet (D:15)
  3 red devils (Lair:5)
  A queen bee (Lair:1)
  4 trolls
  A hornet (D:7)
  5 polar bears
  A wind drake (Lair:3)
  9 blink frogs
  15 slime creatures
  2 shadows
  Sigmund (D:3)
  10 wyverns
  A spriggan (D:7)
  A vampire (D:11)
  A wraith (D:11)
  2 basilisks
  Eustachio (D:6)
  58 yaks
  3 wargs
  3 death yak simulacra (D:15)
  Menkaure (D:4)
  14 vampire mosquitoes
  3 hydra simulacra (D:15)
  An acid dragon (D:11)
  4 hell hounds (Lair:5)
  23 nagas
  22 water moccasins
  A water moccasin (shapeshifter) (D:15)
  Duvessa (D:6)
  12 orc warriors
  2 ice beasts
  4 black bears
  2 sky beasts
  18 ogres
  8 wolves
  4 laughing skulls
  3 phantoms
  6 centaurs
  2 kobold brigands
  2 brain worms (Sewer)
  A gnoll sergeant (D:10)
  2 scorpions
  13 bullfrogs
  12 wights
  Dowan (D:6)
  3 elephant simulacra (D:15)
  35 killer bees
  3 electric eels
  A howler monkey (D:8)
  2 centaur zombies (D:9)
  2 hounds
  4 bombardier beetles
  9 orc priests
  2 sleepcaps
  3 gnoll boudas
  Terence (D:3)
  17 orc wizards
  3 iguanas
  10 hell rats
  2 howler monkey zombies (D:9)
  Robin (D:2)
  5 adders
  19 gnolls
  10 river rats
  2 white imps
  2 hell rat simulacra (D:15)
  3 ufetubi
  2 dart slugs
  3 ribbon worms
  77 orcs
  10 ball pythons
  7 bats
  11 endoplasms
  5 giant cockroaches
  9 goblins
  8 hobgoblins
  8 jackals
  16 kobolds
  6 quokkas
  10 frilled lizards
  9 rats
863 creatures vanquished.

Vanquished Creatures (others)
  A salamander (Snake:3)
1 creature vanquished.

Grand Total: 864 creatures vanquished

Notes
Turn   | Place    | Note
-------+----------+-------------------------------------------
     0 | D:1      | CougarLife the Minotaur Fighter began the quest for the
                  | Orb.
     0 | D:1      | Reached XP level 1. HP: 19/19 MP: 0/0
   107 | D:1      | Found a faded altar of an unknown god.
   186 | D:1      | Reached XP level 2. HP: 25/26 MP: 1/1
   376 | D:1      | Reached skill level 4 in Fighting
   376 | D:1      | Reached XP level 3. HP: 33/33 MP: 2/2
   585 | D:2      | Found Recef's General Store.
   703 | D:2      | Noticed Robin
   723 | D:2      | Killed Robin
  1352 | D:3      | Reached XP level 4. HP: 41/41 MP: 3/3
  1392 | D:3      | Found a glowing drain.
  1396 | Sewer    | Entered a sewer
  1618 | Sewer    | Reached XP level 5. HP: 47/47 MP: 4/4
  1627 | Sewer    | Reached skill level 5 in Maces & Flails
  1657 | Sewer    | Reached skill level 5 in Fighting
  1962 | Sewer    | Reached XP level 6. HP: 50/56 MP: 3/5
  2510 | D:3      | Reached skill level 6 in Fighting
  2702 | D:3      | Noticed Terence
  2712 | D:3      | Killed Terence
  2757 | D:3      | Noticed Sigmund
  2766 | D:3      | Killed Sigmund
  2767 | D:3      | Reached XP level 7. HP: 47/64 MP: 6/6
  3237 | D:4      | Found the +6 shillelagh "Devastator" {shatter}
  3327 | D:4      | Found an iron altar of Okawaru.
  3582 | D:4      | Noticed Menkaure
  3588 | D:4      | Killed Menkaure
  3589 | D:4      | Reached skill level 7 in Fighting
  3657 | D:4      | Reached XP level 8. HP: 73/73 MP: 7/7
  3865 | D:4      | Found a sacrificial altar of Ru.
  3908 | D:4      | Found a shimmering blue altar of Sif Muna.
  4141 | D:5      | Entered Level 5 of the Dungeon
  4263 | D:5      | Found a basalt altar of Yredelemnul.
  4296 | D:5      | Reached skill level 10 in Maces & Flails
  4350 | D:5      | Reached skill level 8 in Fighting
  4655 | D:5      | Found a staircase to the Ecumenical Temple.
  4903 | D:6      | Noticed Eustachio
  4910 | D:6      | Killed Eustachio
  4921 | D:6      | Reached XP level 9. HP: 68/82 MP: 8/8
  5018 | D:6      | Reached skill level 9 in Fighting
  5299 | D:6      | Found an opulent altar of Gozag.
  5340 | D:6      | Found a white marble altar of Elyvilon.
  5461 | D:6      | Noticed Duvessa
  5462 | D:6      | Noticed Dowan
  5464 | D:6      | Killed Duvessa
  5467 | D:6      | Killed Dowan
  5656 | D:6      | Reached skill level 10 in Fighting
  5804 | D:7      | Paralysed by a hornet for 1 turns
  5881 | D:7      | Reached skill level 5 in Armour
  6639 | D:7      | Reached XP level 10. HP: 76/94 MP: 9/9
  6761 | D:7      | Reached skill level 11 in Fighting
  7104 | D:8      | Noticed Erica
  7105 | D:8      | Noticed Joseph
  7114 | D:8      | Killed Erica
  7114 | D:8      | Killed Joseph
  7221 | D:8      | Noticed a sixfirhy
  7363 | D:8      | Reached skill level 12 in Fighting
  7558 | D:8      | Found Pihoiq's Assorted Antiques.
  7659 | D:8      | Noticed a two-headed ogre
  7664 | D:8      | Killed a two-headed ogre
  7684 | D:8      | Noticed a red ugly thing
  7687 | D:8      | Identified the +7 broad axe of Eternity {venom, Stlth+}
  7687 | D:8      | Noticed a deep elf pyromancer
  7691 | D:8      | Killed a red ugly thing
  7692 | D:8      | Reached skill level 13 in Fighting
  7693 | D:8      | Killed a deep elf pyromancer
  7694 | D:8      | Reached XP level 11. HP: 46/107 MP: 10/10
  7695 | D:8      | Noticed a deep elf pyromancer
  7706 | D:8      | Killed a deep elf pyromancer
  7707 | D:8      | Reached skill level 10 in Armour
  8311 | D:8      | Found a broken altar of Ashenzari.
  8323 | D:8      | Noticed Jeremiah
  8343 | D:8      | Killed Jeremiah
  8711 | D:9      | Found a glowing silver altar of Zin.
  8948 | Temple   | Entered the Ecumenical Temple
  8960 | Temple   | Became a worshipper of Cheibriados the Contemplative
  9061 | D:9      | Found a radiant altar of Vehumet.
  9139 | D:9      | Noticed a two-headed ogre
  9146 | D:9      | Reached skill level 14 in Fighting
  9152 | D:9      | Killed a two-headed ogre
  9157 | D:9      | Reached * piety under Cheibriados
  9658 | D:10     | Entered Level 10 of the Dungeon
  9709 | D:10     | Reached skill level 15 in Fighting
  9839 | D:10     | Reached ** piety under Cheibriados
 10007 | D:10     | Reached XP level 12. HP: 113/121 MP: 11/11
 10042 | D:10     | Noticed a two-headed ogre
 10045 | D:10     | Found a staircase to the Lair.
 10050 | D:10     | Killed a two-headed ogre
 10053 | D:10     | Reached *** piety under Cheibriados
 10054 | D:10     | Reached skill level 5 in Shields
 10334 | D:11     | Noticed a boulder beetle
 10406 | D:11     | Killed a boulder beetle
 10863 | D:11     | Identified the +8 plate armour of the Hippo {rPois rF+
                  | Str-2}
 11024 | D:11     | Noticed Lodul
 11025 | D:11     | Reached skill level 16 in Fighting
 11033 | D:11     | Killed Lodul
 11164 | Lair:1   | Entered Level 1 of the Lair of Beasts
 11175 | Lair:1   | Reached **** piety under Cheibriados
 11239 | Lair:1   | Reached ***** piety under Cheibriados
 11431 | Lair:1   | Noticed Amaemon
 11437 | Lair:1   | Killed Amaemon
 11680 | Lair:1   | Reached XP level 13. HP: 115/130 MP: 12/12
 12196 | Lair:2   | Reached skill level 15 in Armour
 12244 | Lair:2   | Reached skill level 17 in Fighting
 12257 | Lair:2   | Found a staircase to the Snake Pit.
 12557 | Lair:2   | Identified the +1 dagger of Xaad {flame, Fly rCorr Str+8
                  | Int-2}
 12652 | Lair:2   | Reached ****** piety under Cheibriados
 13640 | Lair:3   | Found a staircase to the Shoals.
 14202 | Lair:4   | Noticed Rupert
 14218 | Lair:4   | Killed Rupert
 14219 | Lair:4   | Reached skill level 18 in Fighting
 14646 | Lair:4   | Reached XP level 14. HP: 144/144 MP: 13/13
 14751 | Lair:4   | Reached skill level 10 in Shields
 14789 | Lair:4   | Noticed Urug
 14794 | Lair:4   | Killed Urug
 15150 | Lair:5   | Entered Level 5 of the Lair of Beasts
 15531 | Lair:5   | Reached skill level 19 in Fighting
 15614 | Lair:5   | Found a burning altar of Makhleb.
 15899 | Lair:5   | Found a gateway to Hell.
 15906 | Lair:5   | Identified the +4 ring mail of Seyfokk {*Slow rCorr MP+9}
 16178 | Lair:5   | Found a viscous altar of Jiyva.
 16178 | Lair:5   | Found a staircase to the Slime Pits.
 16652 | D:12     | Found Rouluol's Weapon Shop.
 16674 | D:12     | Found a staircase to the Orcish Mines.
 17030 | D:12     | You fall into a shaft and drop 3 floors!
 17030 | D:15     | Entered Level 15 of the Dungeon
 17304 | D:14     | Reached XP level 15. HP: 155/155 MP: 14/14
 17374 | D:14     | Reached skill level 15 in Shields
 17789 | D:13     | Noticed Jorgrun
 17803 | D:13     | Killed Jorgrun
 17804 | D:13     | Reached skill level 20 in Fighting
 17968 | D:12     | Identified the +1 helmet of Youthful Indiscretion {Will+
                  | Dex+4}
 18255 | Orc:1    | Entered Level 1 of the Orcish Mines
 18622 | Orc:2    | Entered Level 2 of the Orcish Mines
 18623 | Orc:2    | Found Neteriot's Antique Armour Shop.
 18646 | Orc:2    | Bought a pair of embroidered gloves for 240 gold pieces
 18662 | Orc:2    | Found a staircase to the Elven Halls.
 18864 | Orc:2    | Found Watale's Jewellery Shoppe.
 19026 | Orc:2    | Found Ceusiezu's General Store.
 19167 | Orc:2    | Bought a potion of mutation for 120 gold pieces
 19245 | Orc:2    | Found Urur's Antique Weapon Boutique.
 19747 | Orc:2    | Identified 2 scrolls of acquirement
 19750 | Orc:2    | Acquired a manual of Shields
 19754 | Orc:2    | Acquired the +0 hat of the Armoured One {rF+ Str-2 Slay+4}
 20345 | D:13     | Found a glowing golden altar of the Shining One.
 20465 | D:13     | Found a gate to the Vaults.
 21071 | D:15     | Reached skill level 1 in Throwing
 21347 | D:15     | Found a shimmering blue altar of Sif Muna.
 21450 | D:15     | Found a staircase to the Depths.
 22406 | Snake:1  | Entered Level 1 of the Snake Pit
 22626 | Snake:1  | Found Qisaugiv's Assorted Antiques.
 22630 | Snake:1  | Bought a scroll of teleportation for 69 gold pieces
 22630 | Snake:1  | Bought a scroll of blinking for 172 gold pieces
 22630 | Snake:1  | Bought a scroll of identify for 46 gold pieces
 22632 | Snake:1  | Found Afanihem's Armour Emporium.
 22638 | Snake:1  | Bought the +5 Storm Queen's Shield {shock, Fly rElec} for
                  | 820 gold pieces
 22638 | Snake:1  | Found the +5 Storm Queen's Shield {shock, Fly rElec}
 22933 | Snake:1  | Reached XP level 16. HP: 159/165 MP: 15/15
 22936 | Snake:1  | Reached skill level 5 in Throwing
 22937 | Snake:1  | Reached skill level 21 in Fighting
 24731 | Snake:3  | Reached skill level 10 in Throwing
 24953 | Snake:3  | Reached skill level 22 in Fighting
 25437 | Snake:3  | Noticed Vashnia
 25472 | Snake:3  | Shot with a bolt by Vashnia

Illustrated notes

Levels and vault maps discovered:
D:1:      dpeg_arrival_snail, layout_basic, hellmonk_ecumenical_altar_crossroads
D:2:      layout_rooms, serial_aquarium, aquarium_bridge_straight
          [aquarium_subvault_bridge, aquarium_subvault_window,
          aquarium_subvault_bridge, aquarium_subvault_balcony],
          aquarium_window_corridor_2, aquarium_window_1, aquarium_window_1,
          aquarium_view_2d, aquarium_pool_four, serial_shops, shop, uniq_robin
D:3:      layout_loops_ring, gup_sewer_entry_spiral, uniq_terence, uniq_sigmund
D:4:      layout_loops_ring, mainiacjoe_overflow_paths,
          mainiacjoe_overflow_two_lobes, chequers_serial_rivers_large_a,
          dilly_guarded_unrand_devastator, uniq_menkaure
D:5:      black_bear_nest_1, layout_basic, yredelemnul_altar_generic,
          minmay_temple_entry_glassed_door, minmay_gold_behind_fungi,
          serial_bayou_pond_c
D:6:      layout_rooms, nicolae_overflow_hidden_temple, elyvilon_altar_5,
          minmay_pentangle, uniq_duvessa, uniq_eustachio
D:7:      layout_loops_ring, the_hattery
D:8:      minmay_the_grid_square_5x5_3x3 [minmay_the_grid_square_5x5_seven,
          minmay_the_grid_square_5x5_checkered_sparse,
          minmay_the_grid_square_5x5_eight_small,
          minmay_the_grid_square_5x5_two,
          minmay_the_grid_square_5x5_megaprize_diamond,
          minmay_the_grid_square_5x5_forky, minmay_the_grid_square_5x5_percent,
          minmay_the_grid_square_5x5_inner_v,
          minmay_the_grid_square_5x5_n_small], layout_rooms,
          cheibrodos_ashenzari_chains, serial_shops, shop, uniq_jeremiah,
          uniq_erica, uniq_joseph
D:9:      layout_basic, nicolae_vehumet_altar_sigil,
          mainiacjoe_overflow_small_starburst, serial_undead, serial_undead_e,
          serial_undead_e, serial_undead_d, serial_undead_d,
          chequers_serial_rivers_micro_d
D:10:     layout_cross, due_lair_maze_entry_diamond, serial_park,
          serial_park_tiny_2, serial_park_tiny_2, serial_park_fountain,
          serial_park_tiny_1
D:11:     layout_rooms, uniq_lodul
D:12:     layout_loops_ring, orc_david_3, small_chamber_with_monster
D:13:     layout_layer_cave, david_vaults_2, nicolae_tso_carved_into_rock,
          uniq_jorgrun
D:14:     layout_basic, chequers_serial_rivers_room_a, grunt_ministairs_2
D:15:     grunt_enter_depths_giant_problem, layout_loops_corners,
          nicolae_sif_muna_condensation, nrook_mini_backslash,
          eino_house_with_fridge
Temple:   nicolae_temple_bog_church
Lair:1:   layout_roguey [special_room_bee], pond, grunt_megastairs_5,
          uniq_amaemon
Lair:2:   layout_regular_city, dummy_snake_entry, nicolae_lair_lil_pond,
          st_stairs_6, chequers_serial_rivers_micro_b, minmay_lair_oklob_items
Lair:3:   layout_regular_city, minmay_shoals_entry_beasts, grunt_megastairs_3,
          serial_bayou_shore_a
Lair:4:   layout_long_grid, beast_lair_carwin_7, uniq_rupert, uniq_urug
Lair:5:   evil_forest, layout_loops_ring, dpeg_slime_entry_enclosed
Snake:1:  layout_cave_pods, minmay_shoptagon, serial_bayou_shore_b
Snake:2:  layout_onion
Snake:3:  layout_onion_interference, uniq_vashnia
Orc:1:    layout_caves, lightli_orcish_oven
Orc:2:    grunt_orc_gardens, layout_caves, grunt_orc_garden, grunt_orc_garden,
          grunt_orc_garden, grunt_orc_garden, mines3_lemuel

Skill      XL: |  1  2  3  4  5  6  7  8  9 10 11 12 13 14 15 16 |
---------------+-------------------------------------------------+-----
Armour         | 4 5 9 12 14 17 | 17.0
Shields        | 4 7 9 14 18 | 18.1
Maces & Flails | 3 4 6 7 9 11 13 | 13.2
Fighting       | 4 5 6 7 8 10 13 15 16 18 19 20 22 | 22.1
Throwing       | 4 10 | 10.6

Action                     |  1- 3 |  4- 6 |  7- 9 | 10-12 | 13-15 | 16-18 || total
---------------------------+-------+-------+-------+-------+-------+-------++-------
  Melee: Flail             |    80 |   210 |    33 |       |       |       ||   323
         Headbutt          |     9 |    19 |    18 |    66 |   180 |    47 ||   339
         Shillelagh        |       |       |   138 |   370 |   704 |   205 ||  1417
 Invoke: Slouch            |       |       |       |       |     1 |       ||     1
  Evoke: Wand              |       |       |       |       |     2 |       ||     2
    Use: Potion            |       |       |       |     1 |       |     1 ||     2
         Scroll            |       |       |       |     8 |    12 |       ||    20
 Armour: Scale mail        |    69 |   118 |    59 |   149 |       |       ||   395
         Plate armour      |       |       |       |    78 |   581 |   140 ||   799
         Acid dragon scale |       |       |       |    23 |       |       ||    23
  Dodge: Dodged            |    43 |    86 |    77 |   180 |   399 |    83 ||   868
  Block: Buckler           |    30 |    42 |    26 |    79 |   240 |       ||   417
         Kite shield       |       |       |       |       |    44 |   304 ||   348

Table legend: (Time is in decaauts)
 A = Elapsed time spent in this place.
 B = Non-inter-level travel time spent in this place.
 C = Inter-level travel time spent in this place.
 D = Time resting spent in this place.
 E = Time spent auto-exploring this place.
 F = Levels seen in this place.
 G = Mean time per level.
                   A        B        C        D        E       F      G
               +--------+--------+--------+--------+--------+-----+--------+
         Total |  35295 |  33271 |   2024 |   3165 |  25375 |  27 | 1307.2 |
       Dungeon |  18328 |  17195 |   1133 |   2129 |  12552 |  15 | 1221.9 |
        Temple |     26 |     13 |     13 |      0 |      0 |   1 |   26.0 |
          Lair |   8945 |   8315 |    630 |    595 |   6679 |   5 | 1789.0 |
     Snake Pit |   4653 |   4541 |    112 |    373 |   3537 |   3 | 1551.0 |
  Orcish Mines |   2458 |   2324 |    134 |     68 |   1984 |   2 | 1229.0 |
         Sewer |    884 |    884 |      0 |      0 |    622 |   1 |  884.0 |
               +--------+--------+--------+--------+--------+-----+--------+

Top non-repeatable levels by time:
    D:13: 2490 daAuts
    D:15: 2286 daAuts
  Lair:5: 2084 daAuts
  Lair:3: 1857 daAuts
 Snake:2: 1841 daAuts
  Lair:4: 1729 daAuts
  Lair:2: 1722 daAuts
     D:8: 1633 daAuts
  Lair:1: 1550 daAuts
   Orc:2: 1545 daAuts
 Snake:1: 1468 daAuts
     D:7: 1460 daAuts
    D:12: 1414 daAuts
 Snake:3: 1342 daAuts
     D:3: 1195 daAuts
